 Dungeon Crawl Stone Soup version 0.30-a0-359-gd0147acb1a (console) character file.

Game seed: 13491597600938555894

49 capslocke the Insei (level 4, 0/32 HPs)
             Began as a Djinni Transmuter on Nov 12, 2022.
             Slain by a bat (1 damage)
             ... on level 2 of the Dungeon.
             The game lasted 00:05:13 (1340 turns).

capslocke the Insei (Djinni Transmuter)             Turns: 1340, Time: 00:05:14

Health: 0/32       AC:  2    Str: 11    XL:     4   Next: 1%
Gold:   80         EV:  9    Int: 15    God:
                   SH:  0    Dex: 13

rFire   + + .      SeeInvis .      - Unarmed
rCold   x . .      Faith    .    (no shield)
rNeg    . . .      Spirit   .    a - +0 robe
rPois   ∞          Reflect  .    (no helmet)
rElec   .          Harm     .    f - scarf {shadows}
rCorr   .          Rampage  .    (no gloves)
Will    .....                    (boots unavailable)
Stlth   +.........               (no amulet)
HPRegen 0.25/turn                (no ring)
MPRegen 0.00/turn                (no ring)

@: mighty, flying, constricted
A: sickness immunity, fire resistance 2, cold vulnerability 1, float, innate
caster, HP casting, extra vitality 1
a: no special abilities


You were on level 2 of the Dungeon.
You visited 1 branch of the dungeon, and saw 2 of its levels.

You collected 80 gold pieces.

Inventory:

Armour
 a - a +0 robe (worn)
 f - a scarf of shadows (worn)
Scrolls
 d - a scroll of magic mapping {unknown}
 e - a scroll of enchant armour {unknown}
 g - 3 scrolls of identify {unknown}
 h - 3 scrolls of vulnerability {unknown}
Potions
 b - a potion of lignification


   Skills:
 + Level 1.3 Fighting
 + Level 2.7 Dodging
 + Level 3.7 Unarmed Combat
 + Level 2.1 Spellcasting


You couldn't memorise any spells.
You knew the following spells:

 Your Spells              Type           Power      Damage    Failure   Level
a - Beastly Appendage     Tmut           16%        N/A       9%          1
b - Wereblood             Tmut           8%         N/A       14%         2
c - Spider Form           Tmut/Pois      8%         N/A       26%         3
d - Ice Form              Ice/Tmut       8%         N/A       65%         4
e - Magic Dart            Conj           32%        1d4       9%          1
Your spell library was empty.

Dungeon Overview and Level Annotations

Branches:
Dungeon (2/15)

Altars:


Innate Abilities, Weirdness & Mutations

You are immune to sickness and miasma.
You are immune to poison.
Your flesh is very heat resistant. (rF++)
You are vulnerable to cold. (rC-)
You float through the air rather than walking.
You learn spells naturally, not from books.
Your magical power is your life essence.
You have superior vitality. (+4 MHP)


Message History

You barely miss the ball python. The bat closely misses you.
The ball python barely misses you. The ball python grabs you.
The ball python constricts you.
You closely miss the ball python.
The ball python is moderately wounded.
Your horns disappear.
The bat hits you but does no damage.
The ball python bites you but does no damage.
The ball python bites you. The ball python constricts you.
The ball python bites you.
You closely miss the ball python.
The ball python is moderately wounded.
The bat hits you. The ball python bites you. The ball python constricts you.
The ball python bites you.
You hit the ball python.
You kill the ball python!
The bat barely misses you. The ball python bites you.
The ball python constricts you.
You barely miss the ball python. The bat hits you but does no damage.
The ball python completely misses you. The ball python constricts you.
The kobold closely misses you.
You hit the ball python but do no damage.
The bat hits you. The ball python barely misses you.
The ball python constricts you.
* * * LOW HITPOINT WARNING * * *
The kobold barely misses you.
Unknown command.
You closely miss the kobold. The ball python barely misses you.
The ball python constricts you. The ball python bites you.
* * * LOW HITPOINT WARNING * * *
The ball python constricts you. The kobold hits you with a +0 whip.
* * * LOW HITPOINT WARNING * * *
You closely miss the ball python. The bat barely misses you.
The ball python barely misses you. The ball python constricts you.
It was a potion of might.
You feel very mighty all of a sudden. The kobold hits you with a +0 whip.
* * * LOW HITPOINT WARNING * * *
The bat hits you.
You die...

## .# ## ..#.####.
... #.#...... ....
#^....>.. ......#
#........
.......###........
#........#........
#....♣Pb@K........
#....♣P.S##.......
#........##.......
###.....#########
#..!.....#
#........#
#........#
#........# ####
#).........
####...


You could see a bat, a ball python and a kobold.

Vanquished Creatures
  An adder (D:2)
  A worm (D:2)
  2 dart slugs (D:1)
  3 bats (D:1)
  2 giant cockroaches
  6 goblins
  4 hobgoblins (D:1)
  A quokka (D:1)
  5 ball pythons
  2 frilled lizards (D:1)
  3 kobolds
  3 rats (D:1)
33 creatures vanquished.

Notes
Turn   | Place    | Note
-------+----------+-------------------------------------------
     0 | D:1      | capslocke the Djinni Transmuter began the quest for the
                  | Orb.
     0 | D:1      | capslocke set off with the following spells memorised:
                  | Beastly Appendage, Wereblood, Spider Form, Ice Form.
     0 | D:1      | Reached XP level 1. HP: 17/17 MP: 0/0
   188 | D:1      | Reached XP level 2. HP: 22/22 MP: 0/0
   582 | D:1      | Reached XP level 3. HP: 24/27 MP: 0/0
   582 | D:1      | Learned a level 1 spell: Magic Dart
  1319 | D:2      | Reached XP level 4. HP: 31/32 MP: 0/0
  1340 | D:2      | HP: 1/32 [kobold/+0 whip (1)]
  1340 | D:2      | Slain by a bat

Illustrated notes

Levels and vault maps discovered:
D:1:      giann_wishing_wells, layout_loops_cross, serial_forest,
          infiniplex_forest_clump_C, infiniplex_forest_straight_3,
          infiniplex_forest_lined_4_way, infiniplex_forest_lined_1,
          infiniplex_forest_end_1, infiniplex_forest_clump_small,
          infiniplex_forest_lined_2
D:2:      minmay_inner_zag, layout_basic, serial_park_tiny_1

Skill      XL: |  1  2 |
---------------+-------+-----
Spellcasting   | 2 |  2.1
Fighting       | |  1.3
Dodging        | |  2.7
Unarmed Combat | |  3.7

Action                   |  1- 3 |  4- 6 || total
-------------------------+-------+-------++-------
Melee: Unarmed           |   120 |    13 ||   133
       Headbutt          |     8 |       ||     8
       Punch             |     3 |       ||     3
 Cast: Beastly Appendage |    14 |       ||    14
  Use: Potion            |       |     1 ||     1
Armor: Robe              |    16 |    10 ||    26
Dodge: Dodged            |    71 |    23 ||    94

Table legend: (Time is in decaauts)
 A = Elapsed time spent in this place.
 B = Non-inter-level travel time spent in this place.
 C = Inter-level travel time spent in this place.
 D = Time resting spent in this place.
 E = Time spent auto-exploring this place.
 F = Levels seen in this place.
 G = Mean time per level.
                   A        B        C        D        E       F      G
               +--------+--------+--------+--------+--------+-----+--------+
         Total |   1332 |   1303 |     29 |    130 |    909 |   2 |  666.0 |
       Dungeon |   1332 |   1303 |     29 |    130 |    909 |   2 |  666.0 |
               +--------+--------+--------+--------+--------+-----+--------+

Top non-repeatable levels by time:
     D:1: 1071 daAuts
     D:2: 260 daAuts
